 Dungeon Crawl Stone Soup version 0.27-a0-1200-g94dc6ad4cf (webtiles) character file.

Game seed: 17892596636103111616

746261 Armakuni the Englaciator (level 27, -3/202 HPs)
             Began as a Human Conjurer on May 28, 2021.
             Was a High Priest of Sif Muna.
             Slain by an Executioner (4 damage)
             ... in Pandemonium on May 30, 2021.
             The game lasted 05:06:41 (89318 turns).

Armakuni the Englaciator (Human Conjurer)          Turns: 89318, Time: 05:06:42

Health: -3/202     AC: 18    Str: 18    XL:     27
Magic:  24/54      EV: 25    Int: 19    God:    Sif Muna [*****.]
Gold:   6351       SH:  0    Dex: 14    Spells: 31/80 levels left

rFire    + + .     SeeInvis .   (weapon currently unavailable)
rCold    + + .     Faith    .   (shield currently unavailable)
rNeg     + + +     Spirit   .   (armour currently unavailable) rPois โˆž Reflect .
                                (helmet currently unavailable)
rElec    +         Harm     .   (cloak currently unavailable)
rCorr    +         Rampage  .   (gloves currently unavailable)
Will     ++...                  (boots currently unavailable)
Stlth    ++........             (amulet currently unavailable)
HPRegen  0.43/turn              (ring currently unavailable)
MPRegen  0.34/turn              (ring currently unavailable)

@: wisp-form (expiring), flying, studying 5 skills
A: insubstial, flying, no casting, tiny, screaming 1
}: 6/15 runes: serpentine, barnacled, slimy, silver, demonic, fiery
a: Renounce Religion, Channel Magic, Forget Spell, Divine Exegesis


You were in Pandemonium.
You worshipped Sif Muna.
Sif Muna was extremely pleased with you.
You were an insubstantial wisp.
You visited 11 branches of the dungeon, and saw 53 of its levels.
You visited Pandemonium 2 times, and saw 12 of its levels.
You also visited: Bailey, Ice Cave and Wizlab.

You collected 33969 gold pieces.
You spent 14627 gold pieces at shops.
You paid 12991 gold pieces to Gozag.

Inventory:

Hand Weapons
 b - the +0 staff of Battle
   (You found it on level 3 of the Elven Halls)
 n - a +3 vampiric demon whip
Armour
 h - a +3 buckler of protection (melded)
 x - the -2 hat of the Alchemist (melded) {rElec rPois rF+ rC+ rN+ Will+ rMut rCorr}
   (You bought it in a shop on level 3 of the Vaults)

   It protects you from fire.
   It protects you from cold.
   It insulates you from electricity.
   It protects you from poison.
   It protects you from negative energy.
   It protects you from acid and corrosion.
   It protects you from mutation.
   It increases your willpower.
 y - +8 fire dragon scales (melded)
 J - the +1 cloak of Starlight (melded) {*Dazzle EV+4 Stlth--}
   (You found it on level 5 of the Pits of Slime)

   It affects your evasion (+4).
   It makes you much less stealthy.
 S - the +1 pair of gloves of the Pirate (melded) {rElec rF+ Int+5 Dex-2}
   (You bought it in a shop on level 1 of the Snake Pit)

   It affects your intelligence (+5).
   It affects your dexterity (-2).
   It protects you from fire.
   It insulates you from electricity.
 V - the +5 pair of boots "Maps" (melded) {*Corrode rPois Str+7 Int+4 Dex+4}
   (You found it in Pandemonium)

   It affects your strength (+7).
   It affects your intelligence (+4).
   It affects your dexterity (+4).
   It protects you from poison.
   It may corrode you when you take damage.
Magical Staves
 a - a staff of cold (melded)
Jewellery
 L - the ring of the Middle (melded) {Fly Int+4}
   (You found it in a wizard's laboratory)

   [ring of flight]

   It affects your intelligence (+4).
   It grants you flight.
 M - the ring of the Mage (melded) {Wiz Will++ Int+3}
   (You bought it in a shop on level 2 of the Orcish Mines)

   [ring of wizardry]

   It improves your spell success rate.
   It affects your intelligence (+3).
   It greatly increases your willpower.
 R - the amulet "Ler Xohi" (melded) {Reflect +Blink rElec Regen+ SH+5}
   (You bought it in a shop on level 1 of the Snake Pit)

   [amulet of reflection]

   It reflects blocked missile attacks.
   It insulates you from electricity.
   It lets you blink.
   It increases your rate of health regeneration.
   It affects your SH (+5).
Wands
 g - a wand of paralysis (14)
 k - a wand of digging (10)
 z - a wand of charming (9)
 G - a wand of iceblast (62)
 W - a wand of acid (16)
 Z - a wand of flame (185)
Scrolls
 d - 12 scrolls of magic mapping
 l - 8 scrolls of blinking
 u - 21 scrolls of teleportation
 C - 7 scrolls of noise
 E - 7 scrolls of fear
 H - 7 scrolls of amnesia
 I - 9 scrolls of fog
 K - 12 scrolls of vulnerability
 N - 4 scrolls of holy word
 P - 10 scrolls of immolation
 Q - 2 scrolls of silence
 T - a scroll of summoning
 U - 35 scrolls of identify
Potions
 e - a potion of invisibility
 i - 7 potions of flight
 j - 25 potions of curing
 q - 8 potions of lignification
 r - 4 potions of cancellation
 s - 13 potions of heal wounds
 v - 14 potions of mutation
 w - 4 potions of ambrosia
 A - 8 potions of might
 B - 8 potions of brilliance
 D - 3 potions of magic
 F - 9 potions of haste
 Y - 2 potions of resistance
Miscellaneous
 c - a condenser vane
 f - a phial of floods
 m - a phantom mirror
 p - a box of beasts
 t - a tin of tremorstones (2/2)


   Skills:
 + Level 13.6 Fighting
 - Level 5.6(11.2) Maces & Flails
 + Level 14.6(15.0) Staves
 - Level 16.5 Armour
 - Level 10.0 Dodging
 - Level 2.0 Stealth
 - Level 4.0 Shields
 O Level 27 Spellcasting
 - Level 10.0 Conjurations
 - Level 4.0 Translocations
 O Level 27 Ice Magic
 - Level 6.0 Air Magic
 - Level 11.0 Invocations
 - Level 10.0 Evocations


You had 31 spell levels left.
You knew the following spells:

 Your Spells              Type           Power      Damage    Failure   Level
a - Apportation           Tloc           80%        N/A       1%          1
i - Ignition              Fire           12%        3d6       100%        8
j - Freezing Cloud        Conj/Ice/Air   34%        6-21      1%          6
m - Iskenderun's Mystic   Conj/Tloc      51%        2d11      1%          4
o - Ozocubu's Armour      Ice            91%        N/A       0%          3
r - Ozocubu's Refrigerat  Ice            45%        4d14      0%          7
s - Lehudib's Crystal Sp  Conj/Erth      22%        10d6      100%        8
z - Absolute Zero         Ice            45%        โˆž       1%          9
R - Frozen Ramparts       Ice            100%       1d12      0%          3

Your spell library contained the following spells:

 Spells                   Type           Power      Damage    Failure   Level
 Freeze                   Ice            100%       1d11      0%          1
 Ensorcelled Hibernation  Hex/Ice        100%       N/A       0%          2
 Hailstorm                Conj/Ice       77%        3d16      0%          4
 Animate Skeleton         Necr           50%        N/A       1%          1
 Beastly Appendage        Tmut           50%        N/A       1%          1
 Corona                   Hex            27%        N/A       1%          1
 Foxfire                  Conj/Fire      100%       2x1d9     1%          1
 Magic Dart               Conj           100%       1d8       1%          1
 Pain                     Necr           100%       1d9       1%          1
 Sandblast                Erth           50%        2d12      1%          1
 Shock                    Conj/Air       100%       1d9       1%          1
 Summon Small Mammal      Summ           100%       N/A       1%          1
 Blink                    Tloc           N/A        N/A       1%          2
 Call Imp                 Summ           25%        N/A       1%          2
 Corpse Rot               Necr/Air       N/A        N/A       1%          2
 Passwall                 Tmut/Erth      20%        N/A       1%          2
 Searing Ray              Conj           100%       3d7       1%          2
 Slow                     Hex            25%        N/A       1%          2
 Static Discharge         Conj/Air       54%        N/A       1%          2
 Sublimation of Blood     Necr           12%        N/A       1%          2
 Conjure Flame            Conj/Fire      44%        6-21      1%          3
 Dazzling Flash           Conj/Hex       88%        N/A       1%          3
 Gell's Gravitas          Tloc           20%        N/A       1%          3
 Lesser Beckoning         Tloc           20%        N/A       1%          3
 Mephitic Cloud           Conj/Pois/Air  45%        N/A       1%          3
 Portal Projectile        Hex/Tloc       66%        N/A       1%          3
 Stone Arrow              Conj/Erth      88%        3d12      1%          3
 Teleport Other           Tloc           40%        N/A       1%          3
 Fulminant Prism          Conj/Hex       22%        3d13      1%          4
 Ice Form                 Ice/Tmut       67%        N/A       1%          4
 Sticky Flame             Conj/Fire      44%        2d6       1%          4
 Summon Ice Beast         Ice/Summ       67%        N/A       1%          4
 Iskenderun's Battlesphe  Conj           59%        2d11      1%          5
 Lightning Bolt           Conj/Air       27%        1d43      1%          5
 Metabolic Englaciation   Hex/Ice        33%        N/A       1%          5
 Simulacrum               Ice/Necr       33%        N/A       1%          6
 Passage of Golubria      Tloc           N/A        N/A       2%          4
 Call Canine Familiar     Summ           25%        N/A       3%          3
 Confusing Touch          Hex            25%        N/A       3%          3
 Ignite Poison            Fire/Tmut/Pois 25%        N/A       3%          3
 Inner Flame              Hex/Fire       25%        N/A       3%          3
 Summon Guardian Golem    Hex/Summ       25%        N/A       3%          3
 Tukima's Dance           Hex            25%        N/A       3%          3
 Vampiric Draining        Necr           12%        2d7       3%          3
 Summon Lightning Spire   Summ/Air       37%        N/A       3%          4
 Fireball                 Conj/Fire      22%        3d10      4%          5
 Irradiate                Conj/Tmut      22%        3d20      4%          5
 Manifold Assault         Tloc           40%        N/A       7%          5
 Bolt of Magma            Conj/Fire/Erth 19%        4d10      10%         5
 Animate Armour           Summ/Erth      50%        N/A       13%         4
 Animate Dead             Necr           12%        N/A       13%         4
 Cause Fear               Hex            12%        N/A       13%         4
 Dispel Undead            Necr           25%        3d12      13%         4
 Leda's Liquefaction      Hex/Erth       12%        N/A       13%         4
 Petrify                  Tmut/Erth      25%        N/A       13%         4
 Orb of Destruction       Conj           29%        9d11      19%         7
 Iron Shot                Conj/Erth      22%        9d5       26%         6
 Starburst                Conj/Fire      22%        8x6d7     26%         6
 Agony                    Necr           25%        N/A       34%         5
 Alistair's Intoxication  Tmut/Pois      16%        N/A       34%         5
 Borgnjor's Vile Clutch   Necr/Erth      12%        N/A       34%         5
 Excruciating Wounds      Necr           12%        N/A       34%         5
 Lee's Rapid Deconstruct  Erth           12%        3d10*     34%         5
 Summon Mana Viper        Hex/Summ       25%        N/A       34%         5
 Yara's Violent Unravell  Hex/Tmut       12%        3d7       34%         5
 Dispersal                Tloc           20%        N/A       36%         6
 Spellforged Servitor     Conj/Summ      22%        N/A       80%         7
 Death Channel            Necr           12%        N/A       89%         6
 Eringya's Noxious Bog    Tmut/Pois      12%        N/A       89%         6
 Invisibility             Hex            25%        N/A       89%         6
 Statue Form              Tmut/Erth      16%        N/A       89%         6
 Chain Lightning          Conj/Air       27%        N/A       97%         8
 Malign Gateway           Summ/Tloc      16%        N/A       99%         7
 Dragon Form              Tmut           12%        N/A       100%        7
 Haunt                    Necr/Summ      12%        N/A       100%        7
 Monstrous Menagerie      Summ           12%        N/A       100%        7
 Borgnjor's Revivificati  Necr           12%        N/A       100%        8
 Discord                  Hex            12%        N/A       100%        8
 Disjunction              Tloc           20%        N/A       100%        8
 Infestation              Necr           12%        N/A       100%        8
 Necromutation            Tmut/Necr      12%        N/A       100%        8
 Summon Horrible Things   Summ           12%        N/A       100%        8
 Death's Door             Necr           12%        N/A       100%        9
 Dragon's Call            Summ           12%        N/A       100%        9
 Fire Storm               Conj/Fire      22%        8d6       100%        9
 Shatter                  Erth           12%        3d13*     100%        9
 Tornado                  Air            24%        N/A       100%        9


Dungeon Overview and Level Annotations

Branches:
Dungeon (15/15)            Temple (1/1) D:4            Lair (6/6) D:9
 Shoals (4/4) Lair:3        Snake (4/4) Lair:4        Slime (5/5) Lair:6
    Orc (2/2) D:12            Elf (3/3) Orc:2        Vaults (5/5) D:14
  Crypt (3/3) Vaults:3       Tomb (0/3) Crypt:3      Depths (5/5) D:15
    Zot (0/5) Depths:5     Bailey (visited)           IceCv (visited)
 WizLab (visited)

Altars:
Ashenzari
Cheibriados
Dithmenos
Elyvilon
Fedhas
Gozag
Hepliaklqana
Kikubaaqudgha
Makhleb
Nemelex Xobeh
Okawaru
Qazlal
Ru
Sif Muna
Trog
Uskayaw
Vehumet
Wu Jian
Xom
Yredelemnul
Zin
The Shining One
Beogh
Lugonu

Shops:
D:3 [   D:4 [   D:9 (   Orc:2 =(:[*   Elf:1 ?   Elf:2 *   Lair:1 =?[(
Snake:1 [[=(   Snake:2 [:(   Vaults:1 (=(:=[   Vaults:3 [   Vaults:4 *
Depths:4 (:

Portals:
Hell: Depths:1 Depths:2 Depths:3 Depths:4 Depths:5
Abyss: Depths:2 Depths:3 Depths:4
Pandemonium: Depths:2 Depths:3
Ziggurat: Depths:3

Annotations:
Elf:2 5 runed translucent doors


Innate Abilities, Weirdness & Mutations

You are an insubstantial wisp.
Your tiny insubstantial body is highly resistant to most damage types.
You are flying.
Your equipment is entirely melded.
You are incapable of wielding weapons or throwing items.
You cannot cast spells.
You occasionally shout uncontrollably at your foes.


Message History

The Executioner barely misses you. The balrug gestures at you.
The bolt of fire hits the chaos spawn!!!
The chaos spawn dies!
The chaos spawn degenerates into a cloud of primal chaos!
The bolt of fire misses you. The Executioner hits you!
The Executioner completely misses you. x3; The Executioner closely misses you.
The Executioner hits you but does no damage.
Found a flail.
The Executioner misses you. The Executioner hits you.
The Executioner hits you but does no damage.
The Executioner hits you!!
* * * LOW HITPOINT WARNING * * *
The Executioner hits you but does no damage.
The Executioner completely misses you. The rust devil completely misses you.
Found 24 stones.
The Executioner misses you.
The Executioner hits you but does no damage. x2
The Executioner barely misses you. x2
The Executioner hits you but does no damage.
The Executioner hits you but does no damage. x2
The Executioner misses you. The Executioner hits you.
* * * LOW HITPOINT WARNING * * *
The Executioner closely misses you. x2
The Executioner hits you.
* * * LOW HITPOINT WARNING * * *
The Executioner closely misses you. The Executioner barely misses you.
The Executioner hits you!
* * * LOW HITPOINT WARNING * * *
The Executioner closely misses you. The Executioner completely misses you.
You whoosh at the reaper!
A reaper comes into view.
It is wielding a +2 scythe of protection.
The Executioner hits you!
* * * LOW HITPOINT WARNING * * *
The Executioner hits you but does no damage. x2
The Executioner hits you.
* * * LOW HITPOINT WARNING * * *
The Executioner hits you but does no damage.
The Executioner hits you.
You die...

.#...#(....# ..
...#......# ...
..#......# ..
..###.......#
.....#..........#
#.....#...........#
#....#.. #........##
#..#.##.###....4.).#
...#.#...#...#.1v..#
#.....#....######..#
......##2..# ..#
......X.#### ..#
###...3....# ..#
#........### .2#
#..........#.#...#
###2...............#
)ยง..3.............


You could see a reaper, an Executioner (fast) and a rust devil.

Vanquished Creatures
  Cerebov (Pan)
  the Royal Jelly (Slime:5)
  A dread lich (Crypt:3)
  Khufu (Crypt:1)
  An ancient lich (Vaults:5)
  A juggernaut (Depths:3)
  5 pandemonium lords (Pan)
  4 royal mummies (Crypt:1)
  Saint Roka (Snake:3)
  Bai Suzhen (Crypt:2)
  A golden dragon (Vaults:5)
  The ghost of Totups the Black Belt, an adept DjVM of Nemelex Xobeh (Vaults:1)
  the Enchantress (Depths:2)
  Nikola (Shoals:1)
  2 bone dragons
  9 Brimstone Fiends (Pan)
  8 Tzitzimimeh (Pan)
  A Cloud Mage (WizLab)
  A hellephant (Pan)
  A Hell Sentinel (Pan)
  An Ice Fiend (Pan)
  The ghost of PigKeeper the Brawler, an adept TrTm of Hepliaklqana (Vaults:1)
  Rupert (D:14)
  4 deep elf blademasters
  16 acid blobs
  3 liches
  The ghost of Nico3ck the Warrior, an adept DsBe of Makhleb (Vaults:1)
  A deep elf master archer (Elf:3)
  A quicksilver dragon (Vaults:5)
  5 Executioners (Pan)
  2 ancient champions
  4 tengu reavers
  6 sphinxes
  The ghost of Dulaynai the Executioner, an adept MiBe of Trog (Depths:3)
  A daeva (Pan)
  10 azure jellies
  A revenant (Crypt:2)
  4 shadow dragons
  4 storm dragons (Vaults:5)
  12 rockslimes
  7 fire giants
  A draconian monk (Depths:5)
  9 nagarajas
  2 corrupters (Pan)
  14 vault wardens
  2 orc warlords
  An iron dragon (Vaults:5)
  6 ghouls
  5 frost giants
  Aizul (Shoals:3)
  8 warmongers (Pan)
  23 balrugs
  An angel (Pan)
  6 cacodemons (Pan)
  21 ironbound preservers
  3 deep elf elementalists (Elf:3)
  7 deep elf sorcerers
  2 reapers (Pan)
  52 very ugly things
  7 blood saints (Pan)
  13 spriggan defenders
  9 war gargoyles
  12 quicksilver oozes
  A draconian stormcaller (Depths:5)
  5 vampire knights
  15 stone giants
  3 black suns (Pan)
  2 entropy weavers (Vaults:1)
  Azrael (Elf:1)
  A white draconian (Pan)
  9 dire elephants
  13 spark wasps
  3 black draconians (Depths:5)
  2 purple draconians (Depths:5)
  A yellow draconian (Depths:5)
  6 deep elf demonologists
  15 deep elf annihilators
  A lorocyproca (Pan)
  A red draconian (Depths:5)
  7 deep elf death magi
  4 blizzard demons
  15 ettins
  6 crystal guardians
  A mummy priest (Crypt:1)
  5 merfolk javelineers
  4 green deaths (Pan)
  19 yaktaur captains
  An eidolon (Crypt:1)
  8 fire dragons
  12 merfolk impalers
  9 jiangshi
  A fire dragon (shapeshifter) (Depths:5)
  13 naga warriors
  6 deep elf high priests
  7 boulder beetles
  5 ironbound thunderhulks
  7 great orbs of eyes
  3 ghost crabs (WizLab)
  2 hell beasts
  3 salamander tyrants
  6 monstrous demonspawn (Pan)
  32 vault guards
  A hydra (shapeshifter) (Vaults:5)
  13 ice dragons
  2 peacekeepers (Vaults:3)
  Erolcha (D:10)
  The ghost of Gruesome the Peltast, a journeyman GrFi of the Shining One (D:11)
  7 hydras
  6 ogre magi
  14 anacondas
  A catoblepas (shapeshifter) (Depths:5)
  5 spriggan air magi
  24 centaur warriors
  2 catoblepae (Shoals:2)
  3 alligator snapping turtles
  5 merfolk aquamancers
  5 merfolk avatars
  13 two-headed ogres
  Erica (Lair:1)
  10 ironbound frosthearts
  7 deep troll earth magi
  5 deep troll shamans
  5 dancing weapons (Crypt:3)
  3 satyrs
  10 death yaks
  4 orc high priests
  6 vampire magi
  10 ironbound beastmasters
  7 tengu warriors
  35 sun demons
  7 spriggan berserkers
  2 titan zombies
  Urug (Orc:2)
  11 naga sharpshooters
  10 shock serpents
  4 soul eaters (Pan)
  19 hell knights
  12 deep elf knights
  A shadow wraith (Crypt:2)
  A fire crab (shapeshifter) (Depths:1)
  16 skeletal warriors
  A storm dragon skeleton (Vaults:3)
  4 salamander mystics
  An anaconda zombie (Crypt:1)
  5 sixfirhies
  8 naga ritualists
  20 sea snakes
  A glowing orange brain (Depths:2)
  8 torturous demonspawn (Pan)
  5 flayed ghosts
  A kraken simulacrum (Shoals:4)
  2 golden dragon zombies
  68 deep trolls
  2 death drakes (shapeshifter)
  19 deep elf archers
  3 gelid demonspawn
  2 spriggan druids (Depths:4)
  3 infernal demonspawn
  9 shadow demons
  A spark wasp zombie (Depths:1)
  A sphinx zombie (Vaults:2)
  An obsidian statue (D:15)
  10 wizards
  6 phantasmal warriors
  An orange crystal statue (D:15)
  8 orc knights
  8 lindwurms
  16 ironbound convokers
  A bog body (Crypt:2)
  A shadow dragon zombie (Vaults:2)
  14 necromancers
  A golden dragon skeleton (Vaults:3)
  2 iron dragon zombies (Crypt:3)
  30 deep elf pyromancers
  20 deep elf zephyrmancers
  14 harpies
  A tengu zombie (Vaults:5)
  A lindwurm (shapeshifter) (Vaults:5)
  6 mana vipers
  65 ugly things
  5 orc sorcerers
  A shining eye (shapeshifter) (Vaults:5)
  An eleionoma zombie (Crypt:2)
  3 stone giant zombies (Depths:1)
  23 fauns
  6 shining eyes
  5 cyclopes
  4 tengu skeletons
  23 manticores
  165 slime creatures
  4 moths of wrath
  19 salamanders
  13 vault sentinels
  3 apocalypse crabs (WizLab)
  A shadow dragon skeleton (Depths:1)
  20 elephants
  A fire giant zombie (Vaults:5)
  A stone giant skeleton (Vaults:3)
  A titan simulacrum (Vaults:3)
  29 black mambas
  3 eyes of devastation
  A fire giant skeleton (Crypt:3)
  6 guardian serpents (Snake:4)
  8 human skeletons
  9 water nymphs
  An iron dragon skeleton (Crypt:3)
  2 ice statues (IceCv)
  11 merfolk sirens
  8 orange demons (Pan)
  11 smoke demons
  A water nymph (shapeshifter) (Vaults:5)
  17 naga magi
  A rust devil (Pan)
  14 cane toads
  A catoblepas zombie (Crypt:3)
  2 gargoyles
  A pale draconian zombie (Crypt:1)
  Maggie (Lair:1)
  5 efreet (Pan)
  4 rime drakes
  2 kobold demonologists (Elf:3)
  7 tormentors
  10 komodo dragons
  2 demonic crawlers (Pan)
  24 yaktaurs
  A tengu conjurer (Depths:4)
  A freezing wraith (Crypt:1)
  An entropy weaver simulacrum (IceCv)
  A red draconian zombie (Crypt:2)
  2 yaktaur skeletons (Vaults:3)
  A death yak skeleton (Crypt:1)
  3 very ugly thing simulacra (IceCv)
  A hellwing (Depths:2)
  19 red devils (Pan)
  4 guardian mummies (Crypt:1)
  3 meliai (D:12)
  32 merfolk
  A minotaur skeleton (Crypt:3)
  7 trolls
  A yellow draconian skeleton (Crypt:1)
  6 polar bears
  13 hornets
  A sphinx simulacrum (Vaults:3)
  10 wind drakes
  A jumping spider (shapeshifter) (D:14)
  A moth of wrath zombie (Crypt:2)
  37 blink frogs
  12 snapping turtles
  A spriggan zombie (Depths:1)
  2 deep troll zombies (Depths:1)
  31 dream sheep
  An ettin zombie (Depths:1)
  8 large abominations (Pan)
  34 flying skulls (Crypt:3)
  3 ettin skeletons
  2 ice dragon skeletons
  2 fire dragon skeletons (Crypt:3)
  18 ynoxinuls (Pan)
  9 air elementals (WizLab)
  A tarantella (shapeshifter) (Depths:2)
  30 spriggans
  5 wraiths
  2 shadows
  A redback (Vaults:1)
  Sigmund (D:4)
  10 water elementals
  6 wyverns
  3 basilisks
  16 humans (D:14)
  A black mamba skeleton (Crypt:2)
  2 fire elementals (Elf:1)
  3 vampire mosquitoes (D:13)
  6 neqoxecs (Pan)
  6 steam dragons
  47 yaks
  Grum (D:8)
  A yaktaur simulacrum (Vaults:3)
  2 elf simulacra (Vaults:5)
  5 chaos spawn (Pan)
  5 wargs
  A torturous demonspawn zombie (Crypt:2)
  An acid dragon (D:9)
  A human simulacrum (Vaults:3)
  13 water moccasins
  52 nagas
  2 hell hounds (Elf:1)
  A demonic crawler simulacrum (IceCv)
  A floating eye (shapeshifter) (Vaults:5)
  4 black bears
  43 orc warriors
  5 sky beasts
  3 ugly thing simulacra (IceCv)
  7 ogres
  A swamp dragon zombie (Crypt:1)
  14 wolves
  4 necrophages
  11 boggarts
  20 centaurs
  A phantom (D:5)
  A blink frog skeleton (Crypt:1)
  A manticore skeleton (Crypt:3)
  4 kobold brigands
  An elf zombie (Crypt:2)
  6 earth elementals
  4 gnoll sergeants
  10 bullfrogs
  2 scorpions
  4 glowing shapeshifter simulacra (IceCv)
  2 wyvern zombies
  A water moccasin skeleton (Crypt:2)
  59 killer bees
  12 wights
  7 electric eels
  7 howler monkeys
  5 crimson imps (Pan)
  3 centaur zombies
  21 jellies
  A bullfrog zombie (D:6)
  34 orc priests
  2 centaur skeletons (D:7)
  2 hounds
  A bullfrog skeleton (D:7)
  30 orc wizards
  A human zombie (Crypt:3)
  Natasha (thrice) (D:2)
  An iguana (D:5)
  A black bear skeleton (Crypt:1)
  A hell rat (D:12)
  A hound zombie (D:5)
  A felid skeleton (Crypt:1)
  A hound skeleton (D:4)
  A mummy (Crypt:1)
  3 howler monkey zombies
  4 adders
  18 gnolls
  A gnoll (shapeshifter) (Vaults:5)
  A shadow imp (D:7)
  2 ufetubi
  3 worms (Depths:5)
  101 orcs
  14 endoplasms
  3 giant cockroaches
  5 goblins
  5 hobgoblins
  5 jackals
  9 kobolds
  2 quokkas
  10 ball pythons
  7 bats
  A dart slug zombie (Crypt:2)
  A frilled lizard (D:2)
  A hobgoblin zombie (Crypt:2)
  7 rats
  A block of ice (Pan)
  3 plants (Shoals:1)
2776 creatures vanquished.

Vanquished Creatures (collateral kills)
  The ghost of Tuipsie the Warrior, an adept GnFi of the Shining One (Snake:1)
  2 merfolk impalers (Shoals:4)
  A sea snake (Shoals:4)
  A tengu skeleton (Vaults:2)
  An endoplasm (D:2)
6 creatures vanquished.

Vanquished Creatures (others)
  A deep elf demonologist (Elf:3)
  A blizzard demon (Pan)
  8 dancing weapons
  A vampire mage (Elf:3)
  A sixfirhy (Pan)
  A deep elf archer (Elf:1)
  A rime drake (Shoals:4)
  An entropy weaver simulacrum (IceCv)
  An elf simulacrum (Vaults:2)
  A water elemental (Elf:1)
  A chaos spawn (Pan)
  A demonic crawler simulacrum (IceCv)
  A hell hound (Elf:1)
  An ugly thing simulacrum (IceCv)
  235 blocks of ice
  2 bushes
  A butterfly (Depths:1)
  74 fungi
  538 plants
  4 tentacles (Shoals:4)
  9 toadstools (D:5)
  4 withered plants (Vaults:1)
888 creatures vanquished.

Grand Total: 3670 creatures vanquished

Notes
Turn   | Place    | Note
-------+----------+-------------------------------------------
     0 | D:1      | Armakuni the Human Conjurer began the quest for the Orb.
     0 | D:1      | Reached XP level 1. HP: 13/13 MP: 3/3
   391 | D:1      | Reached XP level 2. HP: 19/19 MP: 1/5
   437 | D:1      | Learned a level 2 spell: Searing Ray
  1236 | D:1      | You fall into a shaft and drop 1 floor!
  1239 | D:2      | Reached XP level 3. HP: 24/24 MP: 2/7
  1321 | D:2      | Found an iron altar of Okawaru.
  1527 | D:2      | Noticed Natasha
  1531 | D:2      | Killed Natasha
  1532 | D:2      | Reached XP level 4. HP: 16/30 MP: 3/8
  1559 | D:2      | Noticed Natasha
  1675 | D:2      | Killed Natasha
  1694 | D:2      | Noticed Natasha
  1699 | D:2      | Killed Natasha
  1700 | D:2      | Reached skill level 5 in Conjurations
  1700 | D:2      | Reached XP level 5. HP: 20/35 MP: 4/10
  2361 | D:3      | Found Runysiss's Armour Emporium.
  2704 | D:3      | Found a basalt altar of Yredelemnul.
  2960 | D:3      | Learned a level 3 spell: Frozen Ramparts
  3357 | D:4      | Found Peudoklu's Armour Shoppe.
  3360 | D:4      | Noticed Ijyb
  3361 | D:4      | Noticed Ijyb
  3361 | D:4      | Ijyb changed into Ijyb the wolf
  3368 | D:4      | Killed Ijyb the wolf
  3369 | D:4      | Reached XP level 6. HP: 18/41 MP: 2/11
  3612 | D:4      | Found a staircase to the Ecumenical Temple.
  3619 | Temple   | Entered the Ecumenical Temple
  3706 | Temple   | Became a worshipper of Gozag Ym Sagoz the Greedy
  4024 | D:4      | Noticed an ogre
  4031 | D:4      | Killed an ogre
  4032 | D:4      | Reached XP level 7. HP: 13/46 MP: 4/12
  4093 | D:4      | Learned a level 3 spell: Ozocubu's Armour
  4256 | D:4      | Noticed Sigmund
  4274 | D:4      | Killed Sigmund
  4275 | D:4      | Reached skill level 5 in Ice Magic
  4579 | D:4      | Found a glowing golden altar of the Shining One.
  5270 | D:3      | Bought a +1 buckler of protection for 231 gold pieces
  5313 | D:5      | Entered Level 5 of the Dungeon
  5520 | D:5      | Reached skill level 1 in Shields
  5687 | D:5      | Reached XP level 8. HP: 50/52 MP: 8/13
  6094 | D:5      | Noticed a slime creature
  6657 | D:6      | Reached XP level 9. HP: 49/57 MP: 2/14
  7444 | D:6      | Learned a level 4 spell: Hailstorm
  8048 | D:7      | Reached skill level 10 in Ice Magic
  8334 | D:7      | Reached XP level 10. HP: 63/63 MP: 8/17
  8531 | D:4      | Bought the +0 cloak "Ukhlipe" {Int+3} for 213 gold pieces
  8588 | D:5      | Reached skill level 5 in Spellcasting
  9131 | D:7      | Found a hide-covered altar of Uskayaw.
  9722 | D:8      | Learned a level 4 spell: Iskenderun's Mystic Blast
  9839 | D:8      | Found a shimmering altar of Xom.
 10002 | D:8      | Noticed Grum
 10011 | D:8      | Killed Grum
 10012 | D:8      | Reached skill level 1 in Translocations
 10157 | D:8      | Found a sacrificial altar of Ru.
 10231 | D:8      | Noticed a two-headed ogre
 10240 | D:8      | Killed a two-headed ogre
 10466 | D:8      | Reached skill level 1 in Evocations
 10730 | D:8      | Reached XP level 11. HP: 59/68 MP: 6/22
 11178 | D:8      | Reached skill level 1 in Staves
 12205 | D:9      | Reached skill level 5 in Evocations
 12495 | D:9      | Found Fytud's Weapon Emporium.
 12501 | D:9      | Bought the +9 mace "Edepteq" {vorpal, Int+6} for 967 gold
                  | pieces
 12594 | D:9      | Found a radiant altar of Vehumet.
 12783 | D:9      | Found a staircase to the Lair.
 12797 | D:9      | Reached skill level 1 in Fighting
 12797 | D:9      | Reached skill level 1 in Maces & Flails
 13212 | D:9      | Identified a scroll of acquirement
 13212 | D:9      | Acquired a book of Ice
 13222 | D:9      | Learned a level 7 spell: Ozocubu's Refrigeration
 13277 | D:10     | Entered Level 10 of the Dungeon
 13277 | D:10     | Noticed a two-headed ogre
 13282 | D:10     | Killed a two-headed ogre
 13402 | D:10     | Noticed a centaur warrior
 13477 | D:10     | Noticed an ogre mage
 13478 | D:10     | Noticed a deep elf pyromancer
 13480 | D:10     | Killed an ogre mage
 13481 | D:10     | Reached XP level 12. HP: 81/81 MP: 24/24
 13489 | D:10     | Noticed a two-headed ogre
 13632 | Lair:1   | Entered Level 1 of the Lair of Beasts
 13633 | Lair:1   | Noticed Sonja
 13634 | Lair:1   | Noticed Sonja
 13634 | Lair:1   | Sonja changed into Sonja the black bear
 13641 | Lair:1   | Killed Sonja the black bear
 14406 | Lair:1   | Reached skill level 5 in Maces & Flails
 14481 | Lair:1   | Reached skill level 5 in Fighting
 14623 | Lair:1   | Noticed Erica
 14634 | Lair:1   | Killed Erica
 14769 | Lair:1   | Noticed Maggie
 14780 | Lair:1   | Killed Maggie
 14883 | Lair:1   | Reached skill level 1 in Armour
 15119 | Lair:1   | Noticed a six-headed hydra
 15128 | Lair:1   | Killed a six-headed hydra
 15533 | Lair:2   | Noticed an eight-headed hydra
 15666 | Lair:2   | Noticed a death yak
 15666 | Lair:2   | Noticed a death yak
 15666 | Lair:2   | Noticed a death yak
 15666 | Lair:2   | Noticed a death yak
 15668 | Lair:2   | Noticed a death yak
 15679 | Lair:2   | Killed a death yak
 15679 | Lair:2   | Killed a death yak
 15679 | Lair:2   | Killed a death yak
 15680 | Lair:2   | Reached XP level 13. HP: 91/91 MP: 18/25
 15688 | Lair:2   | Reached skill level 5 in Armour
 16418 | Lair:2   | Killed an eight-headed hydra
 17554 | Lair:3   | Found a staircase to the Shoals.
 18640 | Lair:4   | Found a staircase to the Snake Pit.
 18806 | Lair:4   | Reached XP level 14. HP: 98/98 MP: 19/26
 21170 | Lair:6   | Entered Level 6 of the Lair of Beasts
 21179 | Lair:6   | Reached skill level 10 in Armour
 21471 | Lair:6   | Reached skill level 15 in Ice Magic
 22195 | Lair:6   | Reached XP level 15. HP: 103/103 MP: 12/27
 23157 | Lair:6   | Found a staircase to the Slime Pits.
 23419 | Lair:6   | Identified the +2 ring mail "Ridabris" {Dex+3}
 23649 | Lair:6   | Acquired 512 gold pieces
 24061 | D:10     | Identified the +1 chain mail of Winter {Will+ Int+3}
 24075 | D:10     | Noticed Erolcha
 24082 | D:10     | Killed Erolcha
 24541 | D:10     | Found a shimmering blue altar of Sif Muna.
 24749 | D:11     | Found a flagged portal.
 24761 | Bailey   | Entered a bailey
 25531 | Bailey   | Identified the ring "Ruinuoj" {Drain rPois rCorr Int+9
                  | Slay-6}
 26103 | D:11     | Found a large runed translucent door.
 26103 | D:11     | Found a large runed translucent door.
 26106 | D:11     | Noticed Gruesome's ghost (journeyman GrFi)
 26114 | D:11     | Killed Gruesome's ghost
 26755 | D:12     | Reached skill level 10 in Spellcasting
 26996 | D:12     | Found a staircase to the Orcish Mines.
 27820 | D:12     | Reached XP level 16. HP: 92/109 MP: 22/30
 28414 | Orc:1    | Entered Level 1 of the Orcish Mines
 28644 | Orc:2    | Entered Level 2 of the Orcish Mines
 28696 | Orc:2    | Found Eseisapu's Book Shoppe.
 28999 | Orc:2    | Noticed Urug
 29001 | Orc:2    | Killed Urug
 29193 | Orc:2    | Found a staircase to the Elven Halls.
 29351 | Orc:2    | Found Fokayqats's General Store.
 29357 | Orc:2    | Found Odwiemapt's Antique Weapon Boutique.
 29377 | Orc:2    | Found Akujo's Antique Armour Boutique.
 29400 | Orc:2    | Found Vynisaga's Jewellery Boutique.
 29478 | Orc:2    | Bought the ring of the Mage {Wiz Will++ Int+3} for 517 gold
                  | pieces
 29478 | Orc:2    | Found the ring of the Mage {Wiz Will++ Int+3}
 29478 | Orc:2    | Bought the ring of Kazint {Ice rElec rPois Dex+3 Stlth-}
                  | for 481 gold pieces
 30900 | Orc:2    | Bought the +4 Cigotuvi's embrace {rMiasma Drain rN+} for
                  | 828 gold pieces
 30900 | Orc:2    | Found the +4 Cigotuvi's embrace {rMiasma Drain rN+}
 32039 | D:14     | Found a gate to the Vaults.
 32039 | D:14     | Noticed Rupert
 32044 | D:14     | Killed Rupert
 32699 | D:14     | Reached XP level 17. HP: 58/115 MP: 19/34
 33623 | D:15     | Entered Level 15 of the Dungeon
 34490 | D:15     | Found a staircase to the Depths.
 34641 | D:15     | Learned a level 1 spell: Apportation
 34930 | D:15     | Reached skill level 15 in Spellcasting
 35038 | D:15     | Identified Orchiduy's Collected Works on Igneous Shape
                  | Shifting
 35249 | Lair:1   | Bought a scroll of magic mapping for 42 gold pieces
 35249 | Lair:1   | Bought a scroll of fog for 24 gold pieces
 35251 | Lair:1   | Bought a scroll of fear for 42 gold pieces
 35253 | Lair:1   | Bought the +4 pair of gloves "Futiuss" {rElec rN+ Int+2
                  | Dex+4} for 940 gold pieces
 35267 | Lair:1   | Bought +2 fire dragon scales for 1224 gold pieces
 35294 | Lair:1   | Bought an iridescent war axe for 255 gold pieces
 35294 | Lair:1   | Identified the +11 war axe "Foiggida" {venom, Will+ Str+3
                  | Stlth+} (You bought it in a shop on level 1 of the Lair of
                  | Beasts)
 35383 | Snake:1  | Entered Level 1 of the Snake Pit
 35383 | Snake:1  | Found a runed translucent door.
 35499 | Snake:1  | Noticed Tuipsie's ghost (adept GnFi)
 35941 | Snake:1  | Found Itsetar's Antique Armour Shoppe.
 35978 | Snake:1  | Bought a scorched buckler for 361 gold pieces
 35978 | Snake:1  | Identified the +6 buckler of Undesirable Species {rC- rN+
                  | SInv} (You bought it in a shop on level 1 of the Snake Pit)
 35981 | Snake:1  | Bought a pair of faintly humming gloves for 361 gold pieces
 35981 | Snake:1  | Identified the +1 pair of gloves of the Pirate {rElec rF+
                  | Int+5 Dex-2} (You bought it in a shop on level 1 of the
                  | Snake Pit)
 35994 | Snake:1  | Bought a pair of twisted gloves for 361 gold pieces
 35994 | Snake:1  | Identified the +2 pair of gloves "Gayrchixu" {rC+} (You
                  | bought it in a shop on level 1 of the Snake Pit)
 36186 | Snake:1  | Found Omiweurr's Weapon Boutique.
 36400 | Snake:1  | Found Faruakao's Jewellery Shoppe.
 36400 | Snake:1  | Found Adoyluna's Armour Emporium.
 36408 | Snake:1  | Bought the amulet "Ler Xohi" {Reflect +Blink rElec Regen+
                  | SH+5} for 714 gold pieces
 36495 | Snake:1  | Reached skill level 5 in Staves
 36715 | Snake:1  | Killed Tuipsie's ghost
 36724 | Snake:1  | Identified the +9 morningstar of Itenionn {speed, rElec rF+
                  | rC- Will+}
 36879 | Snake:2  | Found Zulie's Antique Weapon Shop.
 37223 | Snake:2  | Found Vunlu's Book Shop.
 37234 | Snake:2  | Found Vuuski Riah's Antique Armour Shop.
 37397 | Snake:2  | Bought a glowing helmet for 142 gold pieces
 37471 | Snake:2  | Reached XP level 18. HP: 114/121 MP: 29/37
 39089 | Snake:3  | Noticed Saint Roka
 39090 | Snake:3  | Reached skill level 10 in Evocations
 39101 | Snake:3  | Killed Saint Roka
 39612 | Snake:4  | Entered Level 4 of the Snake Pit
 39660 | Snake:4  | Reached skill level 10 in Staves
 40128 | Snake:4  | Reached XP level 19. HP: 120/126 MP: 19/38
 40598 | Snake:4  | Reached skill level 5 in Dodging
 40840 | Snake:4  | Got a serpentine rune of Zot
 41326 | Shoals:1 | Entered Level 1 of the Shoals
 42231 | Shoals:1 | Noticed Nikola
 42243 | Shoals:1 | Killed Nikola
 43545 | Shoals:2 | Reached XP level 20. HP: 119/146 MP: 19/39
 43808 | Shoals:3 | Reached skill level 10 in Fighting
 43815 | Shoals:3 | Noticed Aizul
 43842 | Shoals:3 | Reached skill level 10 in Dodging
 44033 | Shoals:3 | Found a frozen archway.
 44046 | IceCv    | Entered an ice cave
 44543 | IceCv    | Identified the +0 robe "Ulyrusch" {Harm rElec rC+ Int-5
                  | Dex-2}
 45186 | IceCv    | Found a viscous altar of Jiyva.
 45200 | IceCv    | Identified the Grimoire of the Frostbite
 45217 | IceCv    | Identified the Compendium of Cold
 45506 | Shoals:3 | Learned a level 6 spell: Freezing Cloud
 45842 | Shoals:3 | Killed Aizul
 45933 | Shoals:4 | Entered Level 4 of the Shoals
 45935 | Shoals:4 | Reached skill level 1 in Air Magic
 46874 | Shoals:4 | Reached XP level 21. HP: 153/153 MP: 23/40
 46939 | Shoals:4 | Reached skill level 5 in Air Magic
 47123 | Shoals:4 | Got a barnacled rune of Zot
 47164 | Shoals:4 | Identified the +1 robe of Evolution {Dex+4}
 47522 | Shoals:4 | Reached skill level 10 in Conjurations
 47924 | Vaults:1 | Entered Level 1 of the Vaults
 48053 | Vaults:1 | Bought a book of Annihilations for 1545 gold pieces
 48065 | Vaults:1 | Learned a level 9 spell: Absolute Zero
 48066 | Vaults:1 | Upgraded the game from 0.27-a0-1196-g3e9cee4cb2 to
                  | 0.27-a0-1200-g94dc6ad4cf
 49285 | Vaults:1 | Found a runed translucent gate.
 49285 | Vaults:1 | Found a runed translucent gate.
 49286 | Vaults:1 | Found a runed translucent gate.
 49290 | Vaults:1 | Noticed PigKeeper's ghost (adept TrTm)
 49290 | Vaults:1 | Noticed Nico3ck's ghost (adept DsBe)
 49290 | Vaults:1 | Noticed Totups's ghost (adept DjVM)
 49903 | Vaults:1 | Bought a manual of Armour for 1545 gold pieces
 50229 | Vaults:2 | Reached XP level 22. HP: 157/157 MP: 35/42
 51351 | Vaults:2 | Reached skill level 15 in Armour
 51966 | Vaults:2 | Found a gateway to a bazaar.
 52626 | Elf:1    | Entered Level 1 of the Elven Halls
 52833 | Elf:1    | Found a magical portal.
 52875 | Elf:1    | Noticed Azrael
 52880 | Elf:1    | Killed Azrael
 52927 | WizLab   | Entered The Chambers of the Cloud Mage
 53615 | WizLab   | Identified the ring of the Middle {Fly Int+4}
 53628 | WizLab   | Identified the Handbook of the Birds
 54099 | Elf:1    | Reached XP level 23. HP: 146/165 MP: 44/44
 54099 | Elf:1    | Found Xiat's Magic Scroll Emporium.
 54108 | Elf:1    | Bought a scroll of enchant armour for 97 gold pieces
 55144 | Elf:2    | Found Ystrisumu's Assorted Antiques.
 55401 | Elf:2    | Found a huge runed translucent gate.
 55401 | Elf:2    | Found a huge runed translucent gate.
 55401 | Elf:2    | Found a huge runed translucent gate.
 55401 | Elf:2    | Found a huge runed translucent gate.
 55403 | Elf:2    | Found a huge runed translucent gate.
 55610 | Elf:3    | Entered Level 3 of the Elven Halls
 56264 | Elf:3    | Identified the +10 plate armour "Dealeir" {Will+}
 56334 | Elf:3    | Identified the +6 glaive of Zulof {speed, Dex+3}
 56405 | Elf:3    | Identified the amulet of the Past {RegenMP -Tele rElec
                  | Str-2 Dex+8}
 56411 | Elf:3    | Identified the ring of Onliompuuxt {*Corrode Str+6 Dex+7}
 56671 | Elf:3    | Identified the Almanac of Hurtful Beguiling
 56727 | Elf:3    | Found the +0 staff of Battle
 57075 | Elf:3    | Found a shimmering blue altar of Sif Muna.
 57195 | Elf:3    | Reached XP level 24. HP: 133/170 MP: 31/45
 57205 | Elf:3    | Identified the Almanac of Calling
 57732 | Depths:1 | Entered Level 1 of the Depths
 58211 | Depths:1 | Found a white marble altar of Elyvilon.
 59134 | Depths:1 | Gained mutation: You occasionally shout uncontrollably at
                  | your foes. [mutagenic glow]
 59330 | Depths:1 | Identified the +2 chain mail of Reason {rC+ Dex+2}
 59619 | Depths:1 | Found a gateway to Hell.
 60151 | Depths:2 | Noticed the Enchantress
 60164 | Depths:2 | Killed the Enchantress
 60823 | Depths:2 | Reached XP level 25. HP: 85/177 MP: 7/46
 61005 | Depths:2 | Found a one-way gate leading to the halls of Pandemonium.
 61185 | Depths:2 | Found a one-way gate to the infinite horrors of the Abyss.
 61963 | Depths:3 | Found a corrupted altar of Lugonu.
 62324 | Depths:3 | Found a transporter.
 62332 | Depths:3 | Found a bloodstained altar of Trog.
 62332 | Depths:3 | Noticed a juggernaut
 62341 | Depths:3 | Found a transporter.
 62348 | Depths:3 | Found a gateway to a ziggurat.
 62390 | Depths:3 | Noticed Dulaynai's ghost (adept MiBe)
 62409 | Depths:3 | Identified the +0 helmet of the Learner {rF+}
 63624 | Depths:4 | Found an iron altar of Okawaru.
 64013 | Depths:4 | Found Harch's Book Shoppe.
 64018 | Depths:4 | Found Jeufut's Antique Weapon Shoppe.
 65473 | Depths:5 | Entered Level 5 of the Depths
 65719 | Depths:5 | Identified the +0 buckler "Ucuatz" {rN++ Str-5 Dex+3}
 65963 | Depths:5 | Found an opulent altar of Gozag.
 66018 | Depths:5 | Reached XP level 26. HP: 182/184 MP: 33/47
 66102 | Depths:5 | Found a bloodstained altar of Trog.
 66517 | Depths:5 | Found a gate to the Realm of Zot.
 66816 | Depths:3 | Killed a juggernaut
 66819 | Depths:3 | Killed Dulaynai's ghost
 67318 | Vaults:1 | Killed Totups's ghost
 67319 | Vaults:1 | Killed PigKeeper's ghost
 67320 | Vaults:1 | Killed Nico3ck's ghost
 67340 | Vaults:1 | Identified the +6 leather armour of the Swamp {rF+}
 67341 | Vaults:1 | Identified the +2 pair of gloves of Zesapul Qeo {rF+
                  | Slay+3}
 68347 | Vaults:3 | Found Kuqel's Antique Armour Boutique.
 68370 | Vaults:3 | Bought the -2 hat of the Alchemist {rElec rPois rF+ rC+ rN+
                  | Will+ rMut rCorr} for 1793 gold pieces
 68370 | Vaults:3 | Found the -2 hat of the Alchemist {rElec rPois rF+ rC+ rN+
                  | Will+ rMut rCorr}
 68396 | Vaults:3 | Learned a level 8 spell: Lehudib's Crystal Spear
 68405 | Vaults:3 | Learned a level 8 spell: Ignition
 68834 | Vaults:3 | Reached XP level 27. HP: 190/190 MP: 6/48
 68993 | Vaults:3 | Found a staircase to the Crypt.
 70015 | Vaults:4 | Found Puikk's General Store.
 70388 | Vaults:4 | Identified the +0 chain mail of Insatiable Hunger {rC+}
 71273 | Vaults:5 | Entered Level 5 of the Vaults
 72787 | Vaults:5 | Identified the +11 war axe of the Ten Tales {drain, Will+
                  | Int+3 Dex-5}
 73133 | Vaults:5 | Got a silver rune of Zot
 73146 | Vaults:5 | Identified the +2 spear of Opicod {venom, Fly Will++ Str-3}
 73235 | Vaults:5 | Identified the ring "Ilodace" {rPois rCorr EV+4 Int-4
                  | Dex+2}
 73569 | Vaults:5 | Identified the ring of Joy {+Blink rElec rF- rCorr MP+9}
 73797 | Vaults:5 | Reached skill level 27 in Ice Magic
 73845 | Vaults:5 | Identified the +1 plate armour "Sefecenn" {Regen+ rCorr}
 74016 | Vaults:5 | Noticed an ancient lich
 74124 | Vaults:5 | Killed an ancient lich
 74588 | Vaults:1 | Bought a manual of Staves for 1545 gold pieces
 74592 | Vaults:1 | Bought a pair of ancient boots for 399 gold pieces
 74592 | Vaults:1 | Identified the -2 pair of boots of Rapned {Dex+2} (You
                  | bought it in a shop on level 1 of the Vaults)
 75085 | D:10     | Fell from the grace of Gozag
 75085 | D:10     | Became a worshipper of Sif Muna the Loreminder
 75277 | Slime:1  | Entered Level 1 of the Pits of Slime
 75279 | Slime:1  | Reached skill level 1 in Invocations
 75523 | Slime:1  | Reached * piety under Sif Muna
 75876 | Slime:2  | Reached skill level 5 in Invocations
 76192 | Slime:2  | Gained mutation: Your magical capacity is low. (-10% MP) [a
                  | shining eye]
 76194 | Slime:2  | Reached ** piety under Sif Muna
 76969 | Slime:5  | Entered Level 5 of the Pits of Slime
 77272 | Slime:5  | Lost mutation: Your magical capacity is low. (-10% MP) [a
                  | shining eye]
 77277 | Slime:5  | Noticed the Royal Jelly
 77394 | Slime:5  | Killed the Royal Jelly
 77395 | Slime:5  | Reached skill level 10 in Invocations
 77991 | Slime:5  | Found the +9 heavy crossbow "Sniper" {vorpal, Acc+โˆž SInv}
 77996 | Slime:5  | Identified the +2 buckler "Rofiod Fevae" {Dex+3}
 77997 | Slime:5  | Found the +1 cloak of Starlight {*Dazzle EV+4 Stlth--}
 78035 | Slime:5  | Got a slimy rune of Zot
 78072 | Slime:5  | Identified the Tome of the Enthralling Mountains
 78574 | Crypt:1  | Entered Level 1 of the Crypt
 78800 | Crypt:1  | Acquired 667 gold pieces
 78963 | Crypt:1  | Reached *** piety under Sif Muna
 79121 | Crypt:1  | Noticed a royal mummy
 79125 | Crypt:1  | Killed a royal mummy
 79358 | Crypt:1  | Noticed a royal mummy
 79365 | Crypt:1  | Killed a royal mummy
 79445 | Crypt:1  | Noticed a royal mummy
 79447 | Crypt:1  | Killed a royal mummy
 79486 | Crypt:1  | Noticed Khufu
 79486 | Crypt:1  | Noticed a royal mummy
 79487 | Crypt:1  | Killed a royal mummy
 79488 | Crypt:1  | Killed Khufu
 79736 | Crypt:1  | Found a basalt altar of Yredelemnul.
 80552 | Crypt:2  | Noticed Bai Suzhen
 80553 | Crypt:2  | Killed Bai Suzhen
 80863 | Crypt:2  | Reached **** piety under Sif Muna
 81564 | Crypt:3  | Entered Level 3 of the Crypt
 82596 | Crypt:3  | Noticed a dread lich
 82598 | Crypt:3  | Killed a dread lich
 82866 | Crypt:3  | Reached ***** piety under Sif Muna
 83037 | Crypt:3  | Received a gift from Sif Muna
 83392 | Crypt:3  | Found an ancient bone altar of Kikubaaqudgha.
 83398 | Crypt:3  | Found a staircase to the Tomb.
 83411 | Crypt:3  | Identified the Grimoire of Black Secrets
 83522 | Crypt:3  | Found the +2 hat of the Bear Spirit {Spirit, +Rage rN+
                  | Will++}
 83922 | Pan      | Entered Pandemonium
 84047 | Pan      | Noticed Ukhowasieta the pandemonium lord
 84048 | Pan      | Killed Ukhowasieta the pandemonium lord
 84284 | Pan      | Was forgiven by Gozag
 84679 | Pan      | Identified the +4 leather armour "Ziamaine" {rPois rN++
                  | Stlth-}
 84836 | Pan      | Got a demonic rune of Zot
 85009 | Pan      | Identified Sif Muna's Reference Book on Blows and Bruises
                  | and Unholy Arts (Sif Muna gifted it to you in Pandemonium)
 85009 | Pan      | Received a gift from Sif Muna
 85212 | Pan      | Found a transporter.
 85268 | Pan      | Found a transporter.
 85606 | Pan      | Identified Nogit's Reference Book on Black Rites and Arcane
                  | Weapons
 85618 | Pan      | Identified the ring "Bopnoell" {rPois MP+9 Str+4}
 85627 | Pan      | Identified the ring of Monuy {Int+6 Dex+3}
 85633 | Pan      | Identified the ring "Uceozo" {rC- Will++ AC+4 Str+6}
 86386 | Pan      | Noticed Zuosyxua the pandemonium lord
 86389 | Pan      | Killed Zuosyxua the pandemonium lord
 86643 | Pan      | Noticed Datiopusch the pandemonium lord
 86651 | Pan      | Killed Datiopusch the pandemonium lord
 86889 | Pan      | Entered the realm of Cerebov.
 86897 | Pan      | Identified the amulet "Zoisappu" {rPois rN+ Regen+ rCorr
                  | Str-2}
 86940 | Pan      | Identified Sif Muna's Guide on the Ensnaring Frostbite (Sif
                  | Muna gifted it to you in Pandemonium)
 86940 | Pan      | Received a gift from Sif Muna
 86992 | Pan      | Found an exit through the horrors of the Abyss.
 87125 | Pan      | Identified the +0 chain mail "Cioph" {rElec rC+}
 87248 | Pan      | Identified the +5 arbalest "Roenlep" {venom, Will+}
 87251 | Pan      | Acquired a manual of Fighting
 87386 | Pan      | Identified the +5 pair of boots "Maps" {*Corrode rPois
                  | Str+7 Int+4 Dex+4}
 87436 | Pan      | Identified Moskier's Incunabulum of Black Secrets
 87563 | Pan      | Found the +6 sword of Cerebov {flame}
 87563 | Pan      | Noticed Cerebov
 87564 | Pan      | Killed Cerebov
 87651 | Pan      | Identified the ring of Utaem {Ice Int+4}
 87707 | Pan      | Got a fiery rune of Zot
 87804 | Pan      | Reached skill level 27 in Spellcasting
 87928 | Pan      | Identified the ring of the Bull {rCorr Int+2}
 87931 | Pan      | Identified the Almanac of Necromancy
 88002 | Pan      | Identified the ring "Vaer Icwi" {rC+ Dex+6}
 88034 | Pan      | Identified Teklaunarch's Papyrus of the Forsaken Brambles
 88285 | Pan      | Identified Sif Muna's Volume of Creative Sinister Magic
                  | (Sif Muna gifted it to you in Pandemonium)
 88285 | Pan      | Received a gift from Sif Muna
 88527 | Pan      | Identified Ehiaposch's Compendium of Earthen Dislocation
 88641 | Pan      | Acquired 1039 gold pieces
 89008 | Pan      | Noticed Valut the pandemonium lord
 89009 | Pan      | Killed Valut the pandemonium lord
 89276 | Depths:2 | Escaped Pandemonium
 89281 | Pan      | Entered Pandemonium
 89295 | Pan      | Noticed Cosuptef the pandemonium lord
 89297 | Pan      | Killed Cosuptef the pandemonium lord
 89318 | Pan      | HP: 6/202 [Executioner (17)]
 89318 | Pan      | HP: 1/202 [Executioner (5)]
 89318 | Pan      | Slain by an Executioner

Illustrated notes

Levels and vault maps discovered:
D:1:      dpeg_arrival_castle, layout_loops_ring, serial_forest,
          infiniplex_forest_lined_corner, infiniplex_forest_clump_tiny,
          infiniplex_forest_lined_corner, infiniplex_forest_zigzag_1,
          infiniplex_forest_diagonal, infiniplex_forest_end_2,
          minmay_crystal_room, hangedman_glass_teeth, minmay_misc_feat_cross
D:2:      layout_basic, serial_glass, glass_columns_b, glass_columns_a,
          basic_altar, uniq_natasha
D:3:      layout_loops_ring, lemuel_tele_altar, serial_shops, shop
D:4:      layout_cave_pods, tso_metal_star, minmay_temple_entry_mist,
          serial_shops, nicolae_shop_waterfront, saegor_snake_ambush,
          uniq_sigmund, uniq_ijyb
D:5:      cheibrodos_fertilizer, layout_basic, st_stairs_12
D:6:      layout_basic
D:7:      layout_loops_ring, marbit_many_paths, the_hattery
D:8:      layout_layer_cave, lemuel_crystal_altar, old_standard_altar,
          minmay_misc_feat_four_crosses, uniq_grum
D:9:      layout_irregular_city, fiery_altar_vehumet, david_lair_shrubbed,
          serial_shops, shop, nicolae_lava_and_water, hangedman_misty_isle
D:10:     cheibrodos_fzero, layout_rooms, old_standard_altar, uniq_erolcha
D:11:     layout_rooms, enter_bailey_2, ebering_ghost_disaster_area
D:12:     wad_woods_minihive, layout_basic, david_orc_1_choice
D:13:     layout_rooms, kennysheep_doodads
D:14:     layout_loops_ring, david_vaults_3, hangedman_decor_clover_reticule
D:15:     grunt_enter_depths_giant_problem, layout_small_grid, david_greed
Temple:   regret_index_temple_waves
Lair:1:   layout_cave_pods, lemuel_fruit_fields, grunt_megastairs_5,
          lemuel_fruit_tree, uniq_sonja, uniq_maggie, uniq_erica
Lair:2:   layout_chaotic_city, grunt_megastairs_4
Lair:3:   layout_cave_pods, elwin_shoals_entry_rooms
Lair:4:   layout_gridlike, minmay_snake_entry_six_corridors, lemuel_fruit_fields
Lair:5:   layout_long_grid, serial_bayou, serial_bayou_ford_a,
          serial_bayou_lagoon_b, serial_bayou_lagoon_a, serial_bayou_pond_e
Lair:6:   gammafunk_lair_ancient_temple, layout_regular_city,
          minmay_slime_entry_jelly_boxes, chequers_serial_rivers_room_a
Shoals:1: layout_shoals, uniq_nikola
Shoals:2: nzn_motion_control, layout_shoals, nicolae_shoals_mertower
Shoals:3: layout_shoals, portal_ice_cave_entry_pillars_three, uniq_aizul
Shoals:4: shoals_end_grunt_ice, layout_shoals, nicolae_shoals_drake_roost
Snake:1:  layout_rooms, serial_shops, shop, shop, ebering_ghost_inner_flame,
          drop_trap, hangedman_corner_corridor, minmay_shoptagon
Snake:2:  layout_rooms, serial_shops, nicolae_shop_competitors_out_of_business,
          nicolae_shop_window_shopping, nicolae_shop_crystal, drop_trap,
          nicolae_snake_double_loop
Snake:3:  layout_layer_cave, nicolae_large_snake_swirl, uniq_saint_roka
Snake:4:  grunt_snake_rune_pools, layout_misc_corridors, abandoned_shop,
          drop_trap
Slime:1:  cheibrodos_slime_lost_civilization_9, layout_caves,
          cheibrodos_slime_lost_civilization_4
Slime:2:  layout_caves
Slime:3:  layout_caves, uniq_dissolution
Slime:4:  layout_caves
Slime:5
Orc:1:    layout_caves
Orc:2:    grunt_orc_cross, layout_caves, serial_shops, shop
Elf:1:    minmay_elf_arrival_summoners, layout_loops_ring, serial_shops,
          nicolae_shop_behind_doors, mu_enter_wizlab_2, evilmike_minifort,
          uniq_azrael
Elf:2:    layout_gridlike, serial_shops, shop, nicolae_elf_big_sculpture_1
Elf:3:    minmay_elf_hall_furrowed, layout_geoelf_octagon,
          hangedman_summoners_spam, lemuel_upstairs_altar
Vaults:1: gammafunk_vaults_ghost_cemetery, dpeg_vaults_monster_box,
          hangedman_vaults_slice, nicolae_vaults_fighting_squares,
          ontoclasm_vaults_ring_large, dpeg_vaults_monster_row,
          hangedman_vaults_maws, v_alt_pattern_2, v_misc_28,
          ontoclasm_vaults_gateway, nicolae_vaults_specimen_jars,
          nicolae_vaults_diagonal_hallway_8, ontoclasm_vaults_pinch,
          layout_vaults_maze
Vaults:2: vaults_room_stairs_pillars, vaults_mumra_hexcomb,
          nicolae_vaults_what_the_h, vaults_room_boxed, nicolae_vaults_theta,
          vaults_dpeg_hooks, nicolae_vaults_shelves_hall,
          vaults_dpeg_encased_lava, ontoclasm_vaults_twist,
          layout_vaults_omnicross, serial_shops, bzr_entry_water
Vaults:3: v_misc_11, nicolae_vaults_little_squares_2,
          nicolae_vaults_network_quinsquares
          [nicolae_vaults_network_quincunx_subvault,
          nicolae_vaults_network_quincunx_subvault,
          nicolae_vaults_network_quincunx_subvault,
          nicolae_vaults_network_quincunx_subvault],
          minmay_crypt_entry_skeletal_spiral, nicolae_vaults_angled_halls,
          layout_vaults_big_room, serial_shops, nicolae_shop_crystal
Vaults:4: v_misc_19, nicolae_vaults_little_squares_1,
          nicolae_vaults_little_squares_6, vaults_room_ringed_pool, v_misc_8,
          nicolae_vaults_big_angled_halls, nicolae_vaults_ninety_degrees,
          ontoclasm_vaults_hangar, v_rooms_3, hangedman_vaults_pinch,
          nicolae_vaults_bisected_exclaves, nicolae_vaults_asterisk,
          grunt_vaults_focal, nicolae_vaults_alarming,
          grunt_vaults_hallway_short, layout_vaults_ring, serial_shops, shop
Vaults:5
Crypt:1:  ragdoll_tomb_raider, layout_misc_corridors, basic_altar,
          grunt_crypt_arrival_split
Crypt:2:  layout_chaotic_city, uniq_bai_suzhen
Crypt:3:  cryptofortress_bobbens
Depths:1: layout_honeycomb, lightli_too_deep, nicolae_elyvilon_peaceful_grove,
          minmay_swirly_circle
Depths:2: minmay_connected_triangles_in_corner, layout_honeycomb,
          roderic_lattice_octagonal_star, rand_demon_pan_entry_8, abyss_entry,
          hell_entry, serial_bayou_shore_b, uniq_enchantress
Depths:3: hangedman_cross_stitches, layout_cave_shapes, enter_ziggurat_d,
          abyss_entry_flame_altar, hellmouth_1,
          gammafunk_ghost_wrathful_warriors, grunt_pan_entry_spiral,
          hangedman_decor_opposing, grunt_decor_fettered, drop_trap
Depths:4: minmay_spriggan_fort, layout_basic, okawaru_trees_2,
          abyss_entry_glasseish, hell_entry, minmay_shop_star
Depths:5: grunt_zot_entry_gee_three, layout_cave_pools, hell_entry,
          grunt_gozag_breadcrumbs, drop_trap, tgw_trog
Pan:      regret_index_pan_draining_boxed, layout_basic, grunt_pan_spiral,
          layout_stronghold, gammafunk_dig_for_victory, layout_stronghold,
          nicolae_pan_giant_door, layout_onion_city, nicolae_pan_strange_glyphs
          [nicolae_pan_strange_glyph_rage, nicolae_pan_strange_glyph_despair,
          nicolae_pan_strange_glyph_loneliness], rand_demon_3,
          layout_stronghold, pan_blood_fountain, evilmike_mini_pan_rooms,
          layout_cellular_growth, pan_blood_fountain_small,
          grunt_pan_in_and_out, layout_gridlike, nicolae_pan_glass_arcs,
          layout_grid_shapes, gammafunk_the_bubble
          [the_bubble_gammafunk_roulette], layout_irregular_city,
          pan_blood_fountain_small, cerebov_st, layout_cellular_growth,
          nicolae_pan_sigil_itan, evilmike_mini_pan_V, layout_onion_city,
          pan_blood_fountain_2, nicolae_pan_mnolegish_1,
          evilmike_mini_pan_possible_glass, layout_grid_shapes,
          nicolae_pan_sigil_uleosi

Skill      XL: |  1  2  3  4  5  6  7  8  9 10 11 12 13 14 15 16 17 18 19 20 21 22 23 24 25 26 27 |
---------------+----------------------------------------------------------------------------------+-----
Spellcasting   | 3 4 7 8 10 13 15 16 17 18 19 20 21 27 | 27.0
Conjurations   | 5 6 7 9 10 | 10.0
Ice Magic      | 2 3 5 7 10 12 13 16 17 18 19 20 21 22 24 27 | 27.0
Shields        | 1 4 |  4.0
Translocations | 4 |  4.0
Evocations     | 2 5 7 10 | 10.0
Staves         | 4 6 11 14 | 14.6
Fighting       | 3 5 9 10 13 | 13.6
Maces & Flails | 3 5 |  5.6
Armour         | 4 8 10 12 16 | 16.5
Dodging        | 8 10 | 10.0
Air Magic      | 4 6 |  6.0
Invocations    | 11 | 11.0
Stealth        | |  2.0

Action                   |  1- 3 |  4- 6 |  7- 9 | 10-12 | 13-15 | 16-18 | 19-21 | 22-24 | 25-27 || total
-------------------------+-------+-------+-------+-------+-------+-------+-------+-------+-------++-------
Melee: Staff             |     9 |       |       |     3 |       |   209 |   685 |  1006 |  1591 ||  3503
       Dagger            |       |     1 |    47 |    44 |       |       |       |       |       ||    92
       Mace              |       |       |       |     7 |   305 |   123 |       |       |       ||   435
       Demon whip        |       |       |       |       |       |       |       |   161 |    36 ||   197
Throw: Javelin           |     7 |     6 |       |       |       |       |       |       |       ||    13
       Dart              |       |       |       |     4 |       |    27 |       |     1 |       ||    32
       Throwing net      |       |       |       |       |       |       |       |     5 |       ||     5
 Cast: Magic Dart        |    29 |       |       |       |       |       |       |       |       ||    29
       Searing Ray       |     5 |    35 |    53 |    90 |    93 |    18 |    20 |       |       ||   314
       Frozen Ramparts   |       |       |     8 |    24 |    32 |     8 |    16 |    17 |    14 ||   119
       Ozocubu's Armour  |       |       |     7 |    19 |    15 |     2 |     8 |     1 |     5 ||    57
       Iskenderun's Myst |       |       |       |    17 |    18 |    14 |    20 |       |    13 ||    82
       Hailstorm         |       |       |       |     8 |     5 |    33 |    17 |       |       ||    63
       Ozocubu's Refrige |       |       |       |       |    72 |   142 |   150 |   125 |   155 ||   644
       Apportation       |       |       |       |       |       |       |     6 |       |     8 ||    14
       Freezing Cloud    |       |       |       |       |       |       |     1 |    11 |     8 ||    20
       Absolute Zero     |       |       |       |       |       |       |       |     7 |   389 ||   396
Invok: Call Merchant     |       |       |       |       |       |     4 |     2 |       |     4 ||    10
       Channel Magic     |       |       |       |       |       |       |       |       |    11 ||    11
 Abil: Evoke Blink       |       |       |       |       |       |       |     3 |       |     2 ||     5
Evoke: Wand              |       |     1 |     4 |    26 |    26 |    21 |    36 |    47 |    22 ||   183
       Condenser vane    |       |       |       |       |       |     3 |     2 |     2 |     1 ||     8
       Tin of tremorston |       |       |       |       |       |       |     1 |     3 |     2 ||     6
       Phantom mirror    |       |       |       |       |       |       |       |     1 |       ||     1
  Use: Scroll            |     4 |     6 |     4 |     8 |    13 |     7 |     6 |     4 |    20 ||    72
       Potion            |       |       |       |     2 |       |     1 |     3 |     5 |     2 ||    13
 Stab: Sleeping          |       |     1 |       |       |       |     1 |       |       |       ||     2
       Distracted        |       |       |       |       |     2 |       |     2 |     4 |     7 ||    15
       Held in net/web   |       |       |       |       |       |       |       |     2 |       ||     2
       Paralysed         |       |       |       |       |       |       |       |    26 |       ||    26
       Invisible         |       |       |       |       |       |       |       |       |    14 ||    14
Armor: Ring mail         |     1 |       |       |       |       |       |       |       |       ||     1
       Robe              |     3 |     2 |    34 |    58 |       |       |       |       |       ||    97
       Acid dragon scale |       |       |       |     6 |   244 |    45 |       |       |       ||   295
       Leather armour    |       |       |       |       |       |    44 |       |       |       ||    44
       Fire dragon scale |       |       |       |       |       |   100 |   252 |   351 |   608 ||  1311
       Skin              |       |       |       |       |       |       |       |       |    24 ||    24
Dodge: Dodged            |    15 |    10 |    60 |    74 |   269 |   130 |   211 |   230 |   649 ||  1648
Block: Buckler           |       |       |    37 |    56 |   198 |   170 |   315 |   335 |   754 ||  1865
       Reflection        |       |       |       |       |       |    13 |    48 |    22 |    41 ||   124

Table legend: (Time is in decaauts)
 A = Elapsed time spent in this place.
 B = Non-inter-level travel time spent in this place.
 C = Inter-level travel time spent in this place.
 D = Time resting spent in this place.
 E = Time spent auto-exploring this place.
 F = Levels seen in this place.
 G = Mean time per level.
                   A        B        C        D        E       F      G
               +--------+--------+--------+--------+--------+-----+--------+
         Total |  88492 |  82743 |   5749 |  25599 |  37330 |  68 | 1301.4 |
       Dungeon |  22794 |  20924 |   1870 |   6640 |  10631 |  15 | 1519.6 |
        Temple |    127 |     88 |     39 |      0 |     69 |   1 |  127.0 |
          Lair |  10636 |   9824 |    812 |   2688 |   5208 |   6 | 1772.7 |
        Shoals |   5169 |   5021 |    148 |   1489 |   1894 |   4 | 1292.2 |
     Snake Pit |   5828 |   5694 |    134 |   1452 |   2935 |   4 | 1457.0 |
    Slime Pits |   2751 |   2654 |     97 |   1245 |    831 |   5 |  550.2 |
  Orcish Mines |   2694 |   2523 |    171 |    836 |   1157 |   2 | 1347.0 |
   Elven Halls |   3879 |   3432 |    447 |    478 |   1560 |   3 | 1293.0 |
        Vaults |  11775 |  10611 |   1164 |   2984 |   5110 |   5 | 2355.0 |
         Crypt |   5037 |   4916 |    121 |   2179 |   1935 |   3 | 1679.0 |
        Depths |   9509 |   8766 |    743 |   2032 |   4655 |   5 | 1901.8 |
   Pandemonium |   5195 |   5195 |      0 |   2352 |    575 |  12 |  432.9 |
        Bailey |    933 |    933 |      0 |     99 |    545 |   1 |  933.0 |
      Ice Cave |   1374 |   1374 |      0 |    826 |    104 |   1 | 1374.0 |
        Wizlab |    785 |    785 |      0 |    299 |    118 |   1 |  785.0 |
               +--------+--------+--------+--------+--------+-----+--------+

Top non-repeatable levels by time:
Vaults:4: 2933 daAuts
     D:9: 2644 daAuts
  Lair:6: 2618 daAuts
Vaults:3: 2595 daAuts
    D:12: 2583 daAuts
Depths:1: 2441 daAuts
Vaults:1: 2373 daAuts
Depths:4: 2226 daAuts
Vaults:2: 2037 daAuts
 Crypt:3: 2027 daAuts
Depths:3: 2006 daAuts
  Lair:1: 1915 daAuts
Vaults:5: 1835 daAuts
     D:8: 1786 daAuts
   Elf:3: 1779 daAuts
